 Dungeon Crawl Stone Soup version 0.23.2 (webtiles) character file.

Game seed: 12056598421683539076

74 Borgoz the Cutter (level 4, -4/36 (37) HPs)
             Began as a Ghoul Gladiator on Apr 3, 2019.
             Killed from afar by Natasha (5 damage)
             ... with a magic dart
             ... on level 3 of the Dungeon.
             The game lasted 00:02:35 (2202 turns).

Borgoz the Cutter (Ghoul Gladiator)                 Turns: 2202, Time: 00:02:37

HP:   -4/36 (37)    AC:  6    Str: 17    XL:     4   Next: 30%
MP:   3/3           EV: 12    Int:  3    God:
Gold: 126           SH:  0    Dex: 11    Spells: 3/3 levels left

rFire    . . .     SeeInvis .   a - +0 rapier
rCold    + . .     Gourm    .   (no shield)
rNeg     + + +     Faith    .   l - +0 ring mail
rPois    ∞         Spirit   .   c - +0 helmet
rElec    .         Reflect  .   (no cloak)
rCorr    .         Harm     .   (no gloves)
MR       +....                  (no boots)
Stlth    +.........             (no amulet)
HPRegen  0.00/turn              j - ring of protection from magic
MPRegen  0.08/turn              (no ring)

@: flying, rotting
A: rotting body, claws 1, carnivore, cold resistance 1, negative energy
resistance 3, inhibited regeneration, torment resistance, unbreathing
a: no special abilities


You were on level 3 of the Dungeon.
You were not hungry.

You visited 1 branch of the dungeon, and saw 3 of its levels.

You collected 126 gold pieces.

Inventory:

Hand Weapons
 a - a +0 rapier (weapon)
Armour
 c - a +0 helmet (worn)
 l - a +0 ring mail (worn)
Jewellery
 j - a ring of protection from magic (left claw)
 n - an uncursed ring of see invisible {unknown}
Scrolls
 b - a scroll of magic mapping {unknown}
 e - 5 scrolls of identify {unknown}
 i - a scroll of fear {unknown}
 m - 3 scrolls of random uselessness {unknown}
 o - a scroll of amnesia {unknown}
 q - a scroll of enchant weapon {unknown}
Potions
 h - a potion of haste {unknown}
 k - 2 potions of ambrosia {unknown}
Comestibles
 f - 3 rations


   Skills:
 + Level 2.5 Fighting
 * Level 3.3 Short Blades
 - Level 1.7 Throwing
 * Level 1.7 Armour
 * Level 3.1 Dodging
 + Level 1.1 Stealth


You had 3 spell levels left.
You didn't know any spells.
Your spell library was empty.

Dungeon Overview and Level Annotations

Branches:
Dungeon (3/15)

Altars:
Qazlal

Annotations:
D:3 Natasha


Innate Abilities, Weirdness & Mutations

Your body is rotting away.
You thrive on raw meat.
You are immune to poison.
You have sharp fingernails.
You are carnivorous and can eat meat at any time.
Your flesh is cold resistant. (rC+)
You are immune to negative energy. (rN+++)
You do not regenerate when monsters are visible.
You are immune to unholy pain and torment.
You can survive without breathing.


Message History

The white imp freezes you. You resist.
* * * LOW HITPOINT WARNING * * *
Natasha casts a spell.
The shadow imp hits you but does no damage.
Okay, then.
It was a potion of lignification.
You feel woody for a moment.
A jackal comes into view.
The white imp gestures at you. The puff of frost hits you. You resist.
* * * LOW HITPOINT WARNING * * *
Natasha closely misses you. The shadow imp hits you.
* * * LOW HITPOINT WARNING * * *
It was a potion of flight.
You feel very buoyant.
You fly up into the air.
The white imp gestures at you. The puff of frost misses you.
Natasha casts a spell at you. The magic dart hits you.
You die...

...#.. #.# ...... #.#
..#.####.# .........##
#.#.##...(#####. ..
#.#.#...........
....###.#.#.......##
................5..#...
.....###.#.#...@5h.h.#
..............##hh...h.
..............##.5....#
......................#
###...................#
......................#
####................#.(#
..............#.....#..#
....##..............


You could see Natasha, a white imp, 2 shadow imps and 4 jackals.

Vanquished Creatures
  2 adders
  A shadow imp (D:3)
  A worm (D:2)
  3 dart slugs
  A leopard gecko (D:1)
  A ball python (D:2)
  A giant cockroach (D:1)
  7 goblins
  4 hobgoblins
  A jackal (D:2)
  4 kobolds
  6 bats
  3 frilled lizards
  6 rats
  A bush (D:2)
42 creatures vanquished.

Notes
Turn   | Place    | Note
-------+----------+-------------------------------------------
     0 | D:1      | Borgoz the Ghoul Gladiator began the quest for the Orb.
     0 | D:1      | Reached XP level 1. HP: 17/17 MP: 0/0
   213 | D:1      | Reached XP level 2. HP: 24/24 MP: 1/1
   742 | D:2      | Reached skill level 1 in Armour
   742 | D:2      | Reached XP level 3. HP: 30/30 MP: 2/2
   808 | D:2      | Found a stormy altar of Qazlal.
   810 | D:2      | Noticed a water elemental
   810 | D:2      | Noticed an earth elemental
   811 | D:2      | Noticed a fire elemental
   811 | D:2      | Noticed an air elemental
  1308 | D:2      | Reached skill level 1 in Stealth
  1959 | D:3      | Reached XP level 4. HP: 17/37 MP: 3/3
  2181 | D:3      | Noticed Natasha
  2201 | D:3      | HP: 1/36 [shadow imp[Natasha] (4)]
  2202 | D:3      | Killed from afar by Natasha

Skill      XL: |  1  2  3 |
---------------+----------+-----
Short Blades   | 3 |  3.3
Armour         | 1 |  1.7
Dodging        | 3 |  3.1
Stealth        | 1 |  1.1
Fighting       | |  2.5
Throwing       | |  1.7

Action                   |  1- 3 |  4- 6 || total
-------------------------+-------+-------++-------
Melee: Rapier            |   269 |    22 ||   291
Throw: Throwing net      |       |     3 ||     3
  Use: Potion            |       |     2 ||     2
  Eat: Chunk             |     3 |       ||     3
       Ration            |       |     1 ||     1
Armor: Leather armour    |     4 |       ||     4
       Ring mail         |    33 |     6 ||    39
Dodge: Dodged            |    64 |    15 ||    79
